 Dungeon Crawl Stone Soup version 0.31.0-11-ge490571c62 (webtiles) character file.

Game seed: 9029771987388979699

79 RustandSilver the Slasher (level 4, 0/31 (33) HPs)
             Began as a Demonspawn Gladiator on Jan 27, 2024.
             Was an Initiate of Yredelemnul.
             Slain by an orc wizard
             ... wielding a +0 dagger
              (3 damage)
             ... on level 3 of the Dungeon.
             The game lasted 00:08:19 (1872 turns).

RustandSilver the Slasher (Demonspawn Gladiator)    Turns: 1872, Time: 00:08:20

HP:   0/31 (33)     AC:  4    Str: 16    XL:     4   Next: 17%
MP:   13/13         EV: 12    Int:  8    God:    Yredelemnul [......]
Gold: 114           SH:  0    Dex: 15    Spells: 3/3 levels left

rFire   . . .        a - +0 long sword
rCold   . . .        (no shield)
rNeg    . . .        b - +0 leather armour
rPois   .            c - +0 helmet
rElec   .            (no cloak)
rCorr   .            (no gloves)
SInv    .            (no boots)
Will    .....        (no amulet)
Stlth   +            m - ring of magical power
HPRegen 0.25/turn    (no ring)
MPRegen 0.13/turn

%: no passive effects
@: confused, hasted, drained, very quick
A: hooves 2
a: Renounce Religion, Recall Undead Harvest


You were on level 3 of the Dungeon.
You worshipped Yredelemnul.
Yredelemnul was noncommittal.
You visited 1 branch of the dungeon, and saw 3 of its levels.

You collected 114 gold pieces.

Inventory:

Hand Weapons
 a - a +0 long sword (weapon)
Missiles
 d - 3 throwing nets (quivered)
 e - a javelin
Armour
 b - a +0 leather armour (worn)
 c - a +0 helmet (worn)
Magical Staves
 o - a staff of fire
Jewellery
 m - a ring of magical power (left hand)
Scrolls
 f - a scroll of blinking {unknown}
 h - 2 scrolls of fog {unknown}
 i - 5 scrolls of identify {unknown}
 l - a scroll of immolation {unknown}
 n - a scroll of poison {unknown}
Potions
 j - a potion of haste
 k - a potion of ambrosia {unknown}
 p - 2 potions of berserk rage {unknown}


   Skills:
 + Level 2.2 Fighting
 + Level 3.6 Long Blades
 + Level 1.8 Throwing
 + Level 1.3 Armour
 + Level 3.1 Dodging
 + Level 0.2 Stealth
 + Level 0.6 Invocations


You had 3 spell levels left.
You didn't know any spells.
Your spell library contained the following spells:

 Spells                   Type           Power      Damage    Failure   Level
 Freeze                   Ice            0%         1d3       47%         1
 Frozen Ramparts          Ice            0%         1d1       85%         3
 Hailstorm                Conj/Ice       0%         3d5       85%         3


Dungeon Overview and Level Annotations

Branches:
Dungeon (3/15)

Altars:
Xom
Yredelemnul


Innate Abilities, Weirdness & Mutations

You have hoof-like feet.


Message History

You bump into the rock wall.
Something hits you.
Okay, then.
You bump into the rock wall.
Something hits you but does no damage.
You bump into the rock wall.
You feel less confused. Something barely misses you.
You swap places.
You hear some strange, mumbled words.
Your endoplasm zombie appears confused.
You swap places.
Something hits your endoplasm zombie.
Your endoplasm zombie closely misses your kobold zombie.
Something hits your endoplasm zombie.
You start resting.
There is a strange disturbance nearby!
There is a strange disturbance nearby!
There is a strange disturbance nearby!
You swap places.
Something hits your kobold zombie.
You barely miss something. Your kick misses something.
Something hits your kobold zombie.
You completely miss something. Your kick misses something. Something hits you.
Something hits you but does no damage.
You hit something but do no damage. Something hits your kobold zombie.
You barely miss something. Something hits your kobold zombie.
Your kobold zombie is destroyed!
You barely miss something. Your kick misses something. Something hits you.
It was a potion of haste.
You feel yourself speed up.
You miss something. Something hits you.
The orc hits you with a +1 flail of draining.
* * * LOW HITPOINT WARNING * * *
You feel drained.
* * * LOW HITPOINT WARNING * * *
You hit something. Your kick misses something.
You hear some strange, mumbled words.
You are confused.
The orc hits you with a +1 flail of draining.
* * * LOW HITPOINT WARNING * * *
You feel drained.
You bump into the rock wall.
Something hits you.
You die...
Your body rises from the dead as a mindless zombie.

..... #.# .... ..# #.#### #.#
.....# #.# .....# #)# ...<.#
#.# .....# #.#
.....############o#
...............Z@{#
..........).#######
......#####.# .......<..#Z#
#.########## #.#.#####.#Z#
##.........o. #.#.. #.####
........#####
..#########....##...........#
....)......................>#
..############.#..........o.#


You could see an orc and a friendly ribbon worm zombie.

Vanquished Creatures
  2 adders
  2 dart slugs (D:1)
  A ribbon worm (D:3)
  An orc (D:3)
  5 endoplasms
  3 giant cockroaches
  3 goblins
  A hobgoblin (D:1)
  A quokka (D:2)
  2 ball pythons
  3 bats
  A frilled lizard (D:1)
  4 kobolds
  4 rats
33 creatures vanquished.

Vanquished Creatures (collateral kills)
  An adder (D:2)
  A ribbon worm (D:2)
  A dart slug (D:2)
  A bat (D:2)
  An endoplasm (D:2)
  A goblin (D:2)
  A hobgoblin (D:2)
  A kobold (D:2)
  A rat (D:2)
9 creatures vanquished.

Vanquished Creatures (others)
  A ball python zombie (D:2)
  An endoplasm zombie (D:3)
  A kobold zombie (D:3)
3 creatures vanquished.

Grand Total: 45 creatures vanquished

Notes
Turn   | Place    | Note
-------+----------+-------------------------------------------
     0 | D:1      | RustandSilver the Demonspawn Gladiator began the quest for
                  | the Orb.
     0 | D:1      | Reached XP level 1. HP: 16/16 MP: 1/1
   215 | D:1      | Gained mutation: You have large cloven feet. [demonic
                  | ancestry]
   215 | D:1      | Reached XP level 2. HP: 16/22 MP: 2/2
   610 | D:2      | Found a faded altar of an unknown god.
   618 | D:2      | Prayed at the altar of an unknown god.
   618 | D:2      | Became a worshipper of Yredelemnul the Dark
   618 | D:2      | Reached * piety under Yredelemnul
   696 | D:2      | Gained mutation: You have hoof-like feet. [demonic
                  | ancestry]
   696 | D:2      | Reached XP level 3. HP: 21/27 MP: 3/3
  1392 | D:2      | Reached skill level 1 in Armour
  1599 | D:3      | Reached XP level 4. HP: 27/33 MP: 4/4
  1797 | D:3      | Found a shimmering altar of Xom.
  1797 | D:3      | Noticed an angel
  1872 | D:3      | Slain by an orc wizard

Illustrated notes

Levels and vault maps discovered:
D:1:      wander_arrival_peaceful_grave, layout_loops_cross
D:2:      layout_basic, ebering_ecumenical_altar_hall, minmay_misc_feat_tower,
          nicolae_titane
D:3:      layout_basic, grunt_temple_overflow_order_and_chaos_1

Skill      XL: |  1  2  3 |
---------------+----------+-----
Long Blades    | 3 |  3.6
Dodging        | 3 |  3.1
Armour         | 1 |  1.3
Fighting       | |  2.2
Throwing       | |  1.8
Stealth        | |  0.2
Invocations    | |  0.6

Action                     |  1- 3 |  4- 6 || total
---------------------------+-------+-------++-------
  Melee: Long sword        |    76 |    22 ||    98
         Kick              |    15 |     4 ||    19
 Invoke: Recall Undead Har |     4 |       ||     4
    Use: Potion            |       |     3 ||     3
   Stab: Sleeping          |     2 |       ||     2
 Armour: Leather armour    |    43 |    20 ||    63
  Dodge: Dodged            |    55 |    10 ||    65
